 Dungeon Crawl Stone Soup version 0.17-a0-157-g289cc6a (webtiles) character file.

2836 Ngotmuk the Shield-Bearer (level 9, -1/75 HPs)
             Began as a Demigod Fighter on Mar 26, 2015.
             Killed from afar by an electric eel (9 damage)
             ... with a bolt of electricity
             ... on level 7 of the Dungeon.
             The game lasted 00:17:37 (7212 turns).

Ngotmuk the Shield-Bearer (Demigod Fighter)         Turns: 7212, Time: 00:17:37

Health: -1/75      AC: 15    Str: 25    XL:     9   Next: 22%
Magic:  15/15      EV: 11    Int: 14    God:
Gold:   265        SH: 11    Dex: 15    Spells: 0 memorised, 8 levels left

rFire  . . .     SeeInvis .     m - +2 flail (protect)
rCold  . . .     Clarity  .     w - +2 scale mail {rPois}
rNeg   . . .     SustAb   +     r - +0 shield
rPois  +         Gourm    .     (helmet restricted)
rElec  .         Spirit   .     (no cloak)
rCorr  .         Warding  .     (no gloves)
rMut   .         Rnd*Tele +     b - +0 pair of boots
MR     .....                    (no amulet)
Stlth  +.........               (no ring)
                                s - ring of stealth

@: not resistant to hostile enchantments, very unstealthy
A: horns 1, clever 1, deterioration 1, teleportitis 1, sustain abilities
a: no special abilities


You were on level 7 of the Dungeon.
You were not hungry.

You visited 1 branch of the dungeon, and saw 7 of its levels.

You collected 265 gold pieces.

Inventory:

Hand weapons
 m - a +2 flail of protection (weapon)
 y - a +2 flail of crushing
Armour
 b - a +0 pair of boots (worn)
 r - a +0 shield (worn)
 w - a +2 scale mail of poison resistance (worn)
Jewellery
 s - a ring of stealth (left hand)
Scrolls
 c - 4 scrolls of identify
 g - a scroll of blinking
 i - 3 scrolls of remove curse
 j - 4 scrolls of teleportation
Potions
 e - 2 potions of might
 f - 3 potions of curing
 h - 2 potions of brilliance
 k - a potion of heal wounds
 t - 2 potions of agility
 u - 2 potions of magic
 x - a potion of flight
Comestibles
 d - 7 bread rations
 l - 6 beef jerkies
 o - a meat ration


   Skills:
 + Level 5.9 Fighting
 + Level 5.4 Maces & Flails
 + Level 5.9 Armour
 + Level 5.3 Dodging
 + Level 6.1 Shields


You had 8 spell levels left.
You didn't know any spells.

Dungeon Overview and Level Annotations

Branches:
Dungeon (7/15)             Temple (0/1) D:5


Innate Abilities, Weirdness & Mutations

Your attributes are resistant to harm.
You have a pair of small horns on your head.
Your mind is acute. (Int +2)
Your body is slowly deteriorating.
Space occasionally distorts in your vicinity.


Message History

You miss the electric eel. Your headbutt misses the electric eel.
The electric eel shoots out a bolt of lightning at you!
The bolt of electricity hits you!
The electric eel shoots out a bolt of lightning at you!
The bolt of electricity misses you. The bolt of electricity hits you!
* * * LOW HITPOINT WARNING * * *
The bolt of electricity hits the electric eel.
The electric eel completely resists.
The electric eel shoots out a bolt of lightning at you!
The bolt of electricity hits the electric eel.
The electric eel completely resists.
The bolt of electricity hits you!
* * * LOW HITPOINT WARNING * * *
You closely miss the electric eel.
The electric eel shoots out a bolt of lightning at you!
The bolt of electricity misses you.
The electric eel shoots out a bolt of lightning at you!
The bolt of electricity hits you!
* * * LOW HITPOINT WARNING * * *
The bolt of electricity hits you!
You die...

)##.########
#.## (##.#
#..# (<#.#
##.# #.#.# #.#
#.#.. #.#
#.##.# #?#
#.##.# #.###
#.##.# ##...#
#.##.# #.@#..#
#.##.#
#≈≈≈;;≈;≈#
#.##.#
#≈≈≈≈≈≈≈≈≈≈#
#.##.#
#≈≈###≈≈#+#≈≈#
#.##.# #≈≈
+≈≈# ≈≈#
#.##.# #≈ #≈≈#
#≈≈ #....#
≈≈≈≈ ≈≈≈#
#..### ≈≈≈
≈≈≈≈ ≈≈≈##
#..# ≈≈# #≈≈
#≈≈.#


You could see 3 electric eels.

Vanquished Creatures
  Edmund (D:4)
  2 orc warriors
  2 phantoms (D:5)
  The ghost of Ngotmuk the Covered, an average MiFi of the Shining One (D:4)
  3 sky beasts
  3 ogres
  2 centaurs (D:7)
  Sigmund (D:6)
  A big kobold (D:5)
  A gnoll sergeant (D:5)
  A scorpion (D:6)
  3 killer bees (D:6)
  A giant frog zombie (D:6)
  2 jellies
  2 iguanas
  2 orc priests (D:7)
  2 centaur skeletons
  5 hounds
  8 orc wizards
  5 worker ants
  Ijyb (D:4)
  A worker ant zombie (D:6)
  12 gnolls
  14 adders
  A giant mite (D:3)
  A worm (D:4)
  2 adder skeletons (D:5)
  5 giant geckos
  2 oozes
  24 orcs
  5 ball pythons
  19 bats
  2 bat skeletons
  16 hobgoblins
  4 quokkas
  3 giant cockroaches
  A giant newt (D:7)
  9 goblins
  12 kobolds
  13 rats
195 creatures vanquished.

Notes
Turn   | Place    | Note
--------------------------------------------------------------
     0 | D:1      | Ngotmuk, the Demigod Fighter, began the quest for the Orb.
     0 | D:1      | Reached XP level 1. HP: 18/18 MP: 2/2
   150 | D:1      | Reached skill level 3 in Shields
   239 | D:1      | Reached XP level 2. HP: 23/25 MP: 3/3
   946 | D:2      | Reached XP level 3. HP: 27/30 MP: 5/5
   968 | D:2      | Reached skill level 1 in Dodging
  1703 | D:3      | Reached XP level 4. HP: 24/38 MP: 7/7
  1763 | D:3      | HP: 1/38 [poisoned by an adder]
  2391 | D:3      | Reached XP level 5. HP: 31/45 MP: 8/8
  2616 | D:4      | Noticed an ogre
  2620 | D:4      | Noticed Ngotmuk's ghost (average MiFi)
  2625 | D:4      | HP: 1/45 [ogre/giant club (25)]
  2626 | D:4      | Killed an ogre
  2633 | D:4      | HP: 1/46 [bat (1)]
  2638 | D:4      | HP: 1/46 [bat (1)]
  3020 | D:4      | Killed Ngotmuk's ghost
  3020 | D:4      | Reached skill level 4 in Shields
  3020 | D:4      | Reached XP level 6. HP: 27/52 MP: 10/10
  3317 | D:4      | Noticed Ijyb
  3341 | D:4      | Killed Ijyb
  3457 | D:4      | Noticed Edmund
  3476 | D:4      | Killed Edmund
  3476 | D:4      | Reached XP level 7. HP: 23/59 MP: 12/12
  3782 | D:5      | Entered Level 5 of the Dungeon
  4403 | D:5      | Found a staircase to the Ecumenical Temple.
  4627 | D:5      | Reached skill level 5 in Shields
  4714 | D:5      | Reached XP level 8. HP: 58/67 MP: 13/13
  4718 | D:5      | Gained mutation: You have a pair of small horns on your head. [mutagenic meat]
  4719 | D:5      | Gained mutation: Space occasionally distorts in your vicinity. [mutagenic meat]
  4825 | D:6      | Reached skill level 5 in Fighting
  4833 | D:6      | Reached skill level 5 in Armour
  4996 | D:6      | Found a sparkling altar of Nemelex Xobeh.
  5019 | D:6      | Gained mutation: Your mind is acute. (Int +2) [mutagenic meat]
  5020 | D:6      | Gained mutation: Your body is slowly deteriorating. [mutagenic meat]
  5076 | D:6      | Noticed Sigmund
  5100 | D:6      | Killed Sigmund
  5452 | D:6      | Reached skill level 5 in Maces & Flails
  6181 | D:7      | Reached skill level 5 in Dodging
  6181 | D:7      | Reached XP level 9. HP: 30/74 MP: 15/15
  6705 | D:7      | Reached skill level 6 in Shields
  7212 | D:7      | Killed from afar by an electric eel

Action                   |  1- 3 |  4- 6 |  7- 9 || total
-------------------------+-------+-------+-------++-------
Melee: Flail             |   143 |   254 |   410 ||   807
       Mace              |       |    16 |       ||    16
  Use: Scroll            |       |       |     8 ||     8
       Potion            |       |       |     9 ||     9
  Eat: Meat ration       |     1 |       |     2 ||     3
       Royal jelly       |     1 |       |       ||     1
       Beef jerky        |       |     1 |     1 ||     2
       Pizza             |       |     1 |       ||     1
       Chunk             |       |       |     6 ||     6
